 Dungeon Crawl Stone Soup version 0.29.0-4-gdea44cf6ec (webtiles) character file.

Game seed: 8504702699331258599

65 qw the Chopper (level 4, -2/26 HPs)
             Began as a Tengu Warper on Aug 28, 2022.
             Killed from afar by a dart slug (5 damage)
             ... with a slug dart
             ... on level 2 of the Dungeon.
             The game lasted 00:00:07 (1268 turns).

qw the Chopper (Tengu Warper)                       Turns: 1268, Time: 00:00:08

Health: -2/26      AC:  3    Str: 13    XL:     4   Next: 13%
Magic:  8/8        EV: 12    Int: 13    God:
Gold:   49         SH:  0    Dex: 14    Spells: 7/7 levels left

rFire   . . .      SeeInvis .   Y - +0 hand axe
rCold   . . .      Faith    .   (no shield)
rNeg    . . .      Spirit   .   b - +0 leather armour
rPois   .          Reflect  .   (helmet restricted)
rElec   .          Harm     .   (no cloak)
rCorr   .          Rampage  .   (no gloves)
Will    .....                   (boots unavailable)
Stlth   +.........              (no amulet)
HPRegen 0.08/turn               (no ring)
MPRegen 0.11/turn               (no ring)

@: no status effects
A: beak, talons 3
a: no special abilities


You were on level 2 of the Dungeon.
You visited 1 branch of the dungeon, and saw 2 of its levels.

You collected 77 gold pieces.
You spent 28 gold pieces at shops.


Innate Abilities, Weirdness & Mutations

You have a beak for a mouth.
You have claws for feet.


   Skills:
 - Level 2.0 Fighting
 + Level 4.7 Axes
 - Level 1.0 Throwing
 - Level 1.1 Armour
 - Level 2.1 Dodging
 - Level 2.0 Spellcasting
 - Level 2.4 Translocations


You had 7 spell levels left.
You didn't know any spells.
Your spell library contained the following spells:

 Spells                   Type           Power      Damage    Failure   Level
 Blink                    Tloc           14%        N/A       19%         2
 Gell's Gravitas          Tloc           7%         N/A       36%         3
 Lesser Beckoning         Tloc           7%         N/A       36%         3
 Teleport Other           Tloc           7%         N/A       36%         3
 Manifold Assault         Tloc           7%         N/A       98%         5

Inventory:

Hand Weapons
 d - a +0 whip
 Y - a +0 hand axe (weapon)
Armour
 b - a +0 leather armour (worn)
Scrolls
 a - a scroll of enchant weapon {unknown}
 k - 2 scrolls of identify
Potions
 c - a potion of haste {unknown}
 e - a potion of resistance {unknown}
 f - a potion of flight {unknown}
 g - a potion of curing {unknown}
 h - a potion of lignification {unknown}
 i - a potion of degeneration {unknown}
 l - a potion of brilliance {unknown}

Dungeon Overview and Level Annotations

Branches:
Dungeon (2/15)

Altars:

Shops:
D:1 ?


Message History

The adder is severely wounded.
You hit the adder.
The adder bites you. x2; The adder misses you.
You barely miss the adder.
The adder is severely wounded.
You hit the adder.
The adder barely misses you. x2; The adder closely misses you.
You closely miss the adder. You claw the adder.
You kill the adder!
You hit the adder. The adder bites you.
You hit the adder.
The adder is almost dead.
The adder bites you.
You are poisoned.
The adder poisons you!
You hit the adder but do no damage. Your peck misses the adder.
The adder is almost dead.
You feel sick. The adder bites you. The adder completely misses you.
You hit the adder.
You kill the adder!
You feel sick.
You have reached level 4!
You feel agile.
You start resting.
You feel sick. x3
A dart slug comes into view.
1243 ||| Stepping ~*~*~tactically~*~*~ (stealth).
You feel sick.
You are no longer poisoned.
You start resting.
A dart slug is nearby!
1245 ||| Stepping ~*~*~tactically~*~*~ (stealth).
You start resting.
A dart slug is nearby!
1253 ||| Stepping ~*~*~tactically~*~*~ (stealth).
You start resting.
A dart slug is nearby!
The dart slug launches a dart at you. The slug dart hits you.
You die...

............#..######.#######
#..............# #.##
#.#########.##.# #..# ..#
#....# ##.# ###
#############.#
......%..w..#.#
....#.%.##..#.# . #...# #.#.#
##.@###.#.# #..w...#.#
##.....#.# ###...#.# ####.#.#
####....#%# #.).....#.#
..........# ........###


You could see a dart slug.

Vanquished Creatures
  3 adders (D:2)
  A dart slug (D:1)
  3 ball pythons (D:1)
  3 endoplasms
  2 giant cockroaches (D:1)
  A goblin (D:1)
  3 hobgoblins
  4 kobolds
  4 quokkas
  7 bats
  3 rats (D:1)
34 creatures vanquished.

Notes
Turn   | Place    | Note
-------+----------+-------------------------------------------
     0 | D:1      | qw the Tengu Warper began the quest for the Orb.
     0 | D:1      | Reached XP level 1. HP: 12/12 MP: 4/4
     0 | D:1      | 0 ||| qw: Version: 0.1-a-89-g26bdef1
     0 | D:1      | 0 ||| qw: Game counter: 3048
     0 | D:1      | 0 ||| qw: Always use a shield: true
     0 | D:1      | 0 ||| qw: God list: Okawaru
     0 | D:1      | 0 ||| qw: Allow faded altars: false
     0 | D:1      | 0 ||| qw: Do Orc after D:15 true
     0 | D:1      | 0 ||| qw: Do second Lair branch before Depths: true
     0 | D:1      | 0 ||| qw: Lair rune preference: random
     0 | D:1      | 0 ||| qw: Plans: Normal
     0 | D:1      | 0 ||| PLANNING D:1-11
    95 | D:1      | Reached skill level 3 in Axes
    95 | D:1      | Reached XP level 2. HP: 17/17 MP: 6/6
   297 | D:1      | 297 ||| Stepping ~*~*~tactically~*~*~ (stealth).
   303 | D:1      | Found a faded altar of an unknown god.
   309 | D:1      | 309 ||| Stepping ~*~*~tactically~*~*~ (stealth).
   311 | D:1      | 311 ||| Stepping ~*~*~tactically~*~*~ (hiding).
   377 | D:1      | 377 ||| Stepping ~*~*~tactically~*~*~ (stealth).
   513 | D:1      | 513 ||| Stepping ~*~*~tactically~*~*~ (stealth).
   515 | D:1      | 515 ||| Stepping ~*~*~tactically~*~*~ (stealth).
   523 | D:1      | 523 ||| Stepping ~*~*~tactically~*~*~ (stealth).
   573 | D:1      | Found Maipha's Magic Scroll Shop.
   583 | D:1      | Reached XP level 3. HP: 21/21 MP: 7/7
   593 | D:1      | 593 ||| SHOPLISTING scroll of acquirement (728 gold, have
                  | 66).
   593 | D:1      | 593 ||| BUYING scroll of identify (28 gold).
   593 | D:1      | Bought a scroll of identify for 28 gold pieces
   593 | D:1      | 593 ||| SHOPLISTING scroll of teleportation (42 gold, have
                  | 38).
   947 | D:1      | 947 ||| READING scroll labelled SUONIY TAURPHAK.
   948 | D:1      | 948 ||| READING scroll labelled POLOCZU KEINUI.
   949 | D:1      | 949 ||| DROPPING scroll of blinking.
  1001 | D:2      | 1001 ||| Stepping ~*~*~tactically~*~*~ (stealth).
  1020 | D:2      | Reached skill level 4 in Axes
  1116 | D:2      | 1116 ||| Stepping ~*~*~tactically~*~*~ (stealth).
  1118 | D:2      | 1118 ||| Stepping ~*~*~tactically~*~*~ (stealth).
  1126 | D:2      | 1126 ||| Stepping ~*~*~tactically~*~*~ (stealth).
  1239 | D:2      | HP: 4/21 [poisoned by an adder]
  1240 | D:2      | Reached XP level 4. HP: 5/26 MP: 8/8
  1243 | D:2      | 1243 ||| Stepping ~*~*~tactically~*~*~ (stealth).
  1243 | D:2      | HP: 1/26 [poisoned by an adder]
  1245 | D:2      | 1245 ||| Stepping ~*~*~tactically~*~*~ (stealth).
  1253 | D:2      | 1253 ||| Stepping ~*~*~tactically~*~*~ (stealth).
  1268 | D:2      | Killed from afar by a dart slug

Levels and vault maps discovered:
D:1:      mrwooster_arrival_arrow, layout_loops_ring,
          shapermc_ecumenical_altar_totnotflames, serial_shops,
          nicolae_shop_waterfront
D:2:      minmay_recursive_quarters, layout_basic, grunt_decor_clamped,
          minmay_misc_feat_hallway, uniq_natasha

Skill      XL: |  1  2  3 |
---------------+----------+-----
Axes           | 3 4 |  4.7
Fighting       | |  2.0
Throwing       | |  1.0
Armour         | |  1.1
Dodging        | |  2.1
Spellcasting   | |  2.0
Translocations | |  2.4

Action                   |  1- 3 |  4- 6 || total
-------------------------+-------+-------++-------
Melee: Hand axe          |    80 |       ||    80
       Kick              |    27 |       ||    27
       Peck              |     5 |       ||     5
       Punch             |     1 |       ||     1
Throw: Boomerang         |     7 |       ||     7
  Use: Scroll            |     2 |       ||     2
Armor: Leather armour    |    20 |       ||    20
Dodge: Dodged            |    49 |       ||    49

Table legend:
 A = Non-vault XP
 B = Vault XP
 C = Vault XP percentage of total XP
 D = Non-vault monster count
 E = Vault monster count
 F = Vault count percentage of total count
                 A         B        C        D         E       F
            +---------+---------+-------+---------+---------+-------
      Total |      61 |      32 |  34.4 |      29 |       5 |  14.7
            +---------+---------+-------+---------+---------+-------
        D:1 |      40 |       0 |   0.0 |      22 |       0 |   0.0
        D:2 |      21 |      32 |  60.4 |       7 |       5 |  41.7
            +---------+---------+-------+---------+---------+-------
